 Dungeon Crawl Stone Soup version 0.23.2-33-g5129a83184 (webtiles) character file.

Game seed: 10913238309077126131

4817 Revguard the Cleaver (level 10, -3/126 HPs)
             Began as a Hill Orc Fighter on July 6, 2019.
             Was a Believer of the Shining One.
             Slain by 1994's ghost (18 damage)
             ... on level 8 of the Dungeon.
             The game lasted 00:22:27 (6237 turns).

Revguard the Cleaver (Hill Orc Fighter)             Turns: 6237, Time: 00:22:28

Health: -3/126     AC: 20    Str: 33    XL:     10   Next: 48%
Magic:  14/14      EV:  5    Int:  3    God:    the Shining One [**....]
Gold:   433        SH:  0    Dex: 13    Spells: 9/9 levels left

rFire    . . .     SeeInvis .   b - +1 war axe (elec)
rCold    + . .     Gourm    .   c - +1 shield
rNeg     + + .     Faith    .   h - +0 chain mail
rPois    .         Spirit   .   r - +0 helmet of Ecrimu {rN+ MR- Str+8 Int-5}
rElec    .         Reflect  .   k - +0 cloak
rCorr    .         Harm     .   (no gloves)
MR       .....                  C - +2 pair of boots of the Assassin {Detection Stab+ Stlth++}
Stlth    ..........             (no amulet)
HPRegen  0.31/turn              l - ring of protection from cold
MPRegen  0.14/turn              (no ring)

@: confused, berserking, lethally poisoned (-3 -> -32), held, slowed, glowing,
lightly drained
A: iridescent scales 1, yellow scales 1, wild magic 1, sturdy frame 1
a: Divine Shield, Renounce Religion


You were on level 8 of the Dungeon.
You worshipped the Shining One.
The Shining One was pleased with you.
You were not hungry.

You visited 2 branches of the dungeon, and saw 9 of its levels.

You collected 433 gold pieces.

Inventory:

Hand Weapons
 b - a +1 war axe of electrocution (weapon)
Armour
 c - a +1 shield (worn)
 h - a +0 chain mail (worn)
 k - a +0 cloak (worn)
 r - the +0 helmet of Ecrimu (worn) {rN+ MR- Str+8 Int-5}
   (You took it off Robin on level 2 of the Dungeon)

   It affects your strength (+8).
   It affects your intelligence (-5).
   It protects you from negative energy.
   It affects your resistance to hostile enchantments.
 C - the +2 pair of boots of the Assassin (worn) {Detection Stab+ Stlth++}
   (You found it on level 8 of the Dungeon)

   It makes you much more stealthy.
Jewellery
 l - a ring of protection from cold (left hand)
 t - an uncursed amulet of faith
Wands
 u - a wand of iceblast (6)
Scrolls
 i - 4 scrolls of teleportation
 j - 2 scrolls of amnesia
 o - 2 scrolls of noise
 s - a scroll of remove curse
 v - a scroll of immolation
 y - 2 scrolls of brand weapon {unknown}
 z - a scroll of random uselessness {unknown}
 A - 2 scrolls of magic mapping {unknown}
Potions
 a - 2 potions of resistance
 d - a potion of might
 g - 3 potions of curing
 m - a potion of brilliance
 n - 4 potions of heal wounds
 p - a potion of mutation
 q - a potion of flight
 w - a potion of cancellation
 x - a potion of agility
 D - a potion of lignification
Comestibles
 f - 13 rations


   Skills:
 + Level 6.8(6.7) Fighting
 + Level 11.9(11.8) Axes
 + Level 6.6(6.5) Armour
 + Level 2.4(2.3) Dodging
 * Level 8.5(8.4) Shields
 * Level 5.5(5.4) Invocations
 * Level 3.4 Evocations


You had 9 spell levels left.
You didn't know any spells.
Your spell library contained the following spells:

 Spells                   Type           Power        Failure   Level  Hunger
 Magic Dart               Conj           #...         99%         1    ##.....
 Searing Ray              Conj           #.....       100%        2    ###....
 Dazzling Spray           Conj/Hex       #.....       100%        3    ####...
 Recall                   Summ/Tloc      N/A          100%        3    ####...
 Animate Dead             Necr           N/A          100%        4    #####..
 Force Lance              Conj/Tloc      #.......     100%        4    #####..
 Fulminant Prism          Conj/Hex       #.........   100%        4    #####..
 Iskenderun's Mystic Bla  Conj           #.......     100%        4    #####..
 Borgnjor's Vile Clutch   Necr/Erth      #.........   100%        5    ######.
 Death Channel            Necr           #.........   100%        6    #######
 Simulacrum               Ice/Necr       #.........   100%        6    #######


Dungeon Overview and Level Annotations

Branches:
Dungeon (8/15)             Temple (1/1) D:5
   Lair: D:8-11

Altars:
Ashenzari
Cheibriados
Dithmenos
Elyvilon
Fedhas
Hepliaklqana
Kikubaaqudgha
Nemelex Xobeh
Qazlal
Ru
Sif Muna
Uskayaw
Vehumet
Wu Jian
Xom
Yredelemnul
Zin
The Shining One

Annotations:
D:8 1 transporter, 1994's ghost, novice FoAK


Innate Abilities, Weirdness & Mutations

You are partially covered in iridescent scales. (AC +2)
You are partially covered in yellow scales. (AC +2)
Your spells are a little harder to cast, but a little more powerful.
Your movements are slightly less encumbered by armour. (ER -2)


Message History

You feel very sick. 1994's ghost barely misses you.
The gnoll sergeant hits you from afar with the cursed +1 trident "Mud Pie of Death" {venom, rC+ MR+ Int+4}!
* * * LOW HITPOINT WARNING * * *
You are more poisoned.
The gnoll hits you but does no damage.
A red film seems to cover your vision as you go berserk!
You feel yourself moving faster!
You feel mighty! 1994's ghost hits you.
* * * LOW HITPOINT WARNING * * *
You are too berserk!
You struggle against the net.
You are no longer corroded.
* * * LOW HITPOINT WARNING * * *
You feel very sick.
The gnoll sergeant hits you but does no damage.
You are more poisoned.
The gnoll barely misses you. 1994's ghost hits you!
* * * LOW HITPOINT WARNING * * *
You are electrocuted!!
You die...

####.≈≈#....ggg....#≈≈.##...#####
#.≈≈###.##W##.###≈≈.###.## ###
#.≈≈..#g#$$$#.#..≈≈..##.# #..
#.≈≈.##.#{.$#.##.≈≈..##.## #.#
#.≈≈.#g.#{:=#..#.≈≈..##..# #.#
#.≈≈.##.#####.##.≈≈..###.###)#
#.....#.#8g8#g#..≈≈).#.......)
#....©#.g.ggW.#©.≈)....#.>##.#
#.....#.#.gg#@#..≈≈..###..##.#
#.≈≈.##.##{##.##.≈≈).# #..##.#
#.≈≈.#..#...#..#.≈≈..# #..##.#
#.≈≈.##.#⌠.⌠#.##.≈≈..# #..##.#
####.≈≈..#.#...#.#..≈≈..###..##.#
.....≈≈###.##'##.###≈≈..........#
####.≈≈#...........#≈≈..###...###
#.≈≈#8.###.###.8#≈≈.###.....##
#.≈≈#g.#8###8#..#≈≈..##....###


You could see 2 gnoll sergeants, a gnoll shaman, 1994's ghost and 2 gnolls.

Vanquished Creatures
  Harold (D:8)
  Pikel (D:5)
  Grinder (D:6)
  2 hippogriffs
  Menkaure (D:7)
  Edmund (D:4)
  Duvessa (D:7)
  2 sky beasts
  2 orc warriors (D:8)
  2 slaves (D:5)
  4 ogres
  A phantom (D:5)
  3 centaurs
  A big kobold (D:7)
  2 bullfrogs
  A wyvern skeleton (D:7)
  Dowan (D:7)
  2 scorpions
  4 wights (D:8)
  A howler monkey (D:6)
  An electric eel (D:8)
  5 hounds
  A bullfrog zombie (D:6)
  A jelly (D:5)
  5 orc priests
  Jessica (D:2)
  2 iguanas
  7 worker ants
  5 orc wizards
  A hound zombie (D:5)
  A hound skeleton (D:8)
  Robin (D:2)
  7 gnolls
  A howler monkey skeleton (D:4)
  6 adders
  4 shadow imps
  An adder zombie (D:6)
  4 worms
  2 dart slugs
  5 leopard geckos
  30 orcs
  A ball python (D:4)
  5 giant cockroaches
  18 goblins
  13 hobgoblins
  7 jackals
  2 quokkas
  A ball python zombie (D:5)
  3 bats
  A frilled lizard (D:2)
  A jackal skeleton (D:5)
  29 kobolds
  A quokka zombie (D:5)
  2 rats
  4 plants (D:7)
213 creatures vanquished.

Vanquished Creatures (others)
  A slave (D:5)
  An adder (D:5)
  An orc (D:5)
  6 plants (D:8)
9 creatures vanquished.

Grand Total: 222 creatures vanquished

Notes
Turn   | Place    | Note
-------+----------+-------------------------------------------
     0 | D:1      | Revguard the Hill Orc Fighter began the quest for the Orb.
     0 | D:1      | Reached XP level 1. HP: 19/19 MP: 1/1
   179 | D:1      | Reached XP level 2. HP: 27/27 MP: 2/2
   267 | D:1      | Reached skill level 3 in Axes
   379 | D:1      | Gained mutation: Your body sometimes deteriorates upon
                  | taking damage. [potion of mutation]
   379 | D:1      | Gained mutation: You are clumsy. (Dex -2) [potion of
                  | mutation]
   379 | D:1      | Gained mutation: Your movements are slightly less
                  | encumbered by armour. (ER -2) [potion of mutation]
   379 | D:1      | Gained mutation: You have large cloven feet. [potion of
                  | mutation]
   644 | D:2      | Reached XP level 3. HP: 33/33 MP: 3/3
   724 | D:2      | Noticed Jessica
   731 | D:2      | Killed Jessica
   731 | D:2      | Reached XP level 4. HP: 26/40 MP: 4/4
   867 | D:2      | Identified the +0 helmet of Ecrimu {rN+ MR- Str+8 Int-5}
   867 | D:2      | Noticed Robin
   880 | D:2      | Reached skill level 4 in Axes
   888 | D:2      | Killed Robin
  1013 | D:2      | Lost mutation: You are clumsy. (Dex -2) [potion of
                  | mutation]
  1013 | D:2      | Lost mutation: Your body sometimes deteriorates upon taking
                  | damage. [potion of mutation]
  1013 | D:2      | Gained mutation: You are agile. (Dex +2) [potion of
                  | mutation]
  1013 | D:2      | Gained mutation: You have a pair of small horns on your
                  | head. [potion of mutation]
  1338 | D:3      | Reached XP level 5. HP: 41/47 MP: 5/5
  1523 | D:3      | Noticed an ogre
  1529 | D:3      | Killed an ogre
  1529 | D:3      | Reached skill level 5 in Axes
  1529 | D:3      | Reached skill level 1 in Dodging
  1905 | D:3      | Found a snail-covered altar of Cheibriados.
  2127 | D:4      | Found a shadowy altar of Dithmenos.
  2151 | D:4      | Reached XP level 6. HP: 50/53 MP: 6/6
  2353 | D:4      | Noticed Edmund
  2360 | D:4      | Killed Edmund
  2360 | D:4      | Reached skill level 6 in Axes
  2442 | D:4      | Reached XP level 7. HP: 39/60 MP: 7/7
  2771 | D:4      | Reached skill level 7 in Axes
  2771 | D:4      | Reached skill level 5 in Shields
  3230 | D:5      | Entered Level 5 of the Dungeon
  3254 | D:5      | Reached skill level 5 in Fighting
  3254 | D:5      | Reached skill level 5 in Armour
  3441 | D:5      | Reached skill level 8 in Axes
  3441 | D:5      | Reached XP level 8. HP: 63/68 MP: 8/8
  3481 | D:5      | Found a staircase to the Ecumenical Temple.
  3491 | Temple   | Entered the Ecumenical Temple
  3587 | Temple   | Became a worshipper of the Shining One
  3702 | D:5      | Noticed Pikel
  3742 | D:5      | Killed Pikel
  3742 | D:5      | Reached skill level 9 in Axes
  3758 | D:5      | Reached XP level 9. HP: 38/75 MP: 9/11
  4214 | D:6      | Noticed Grinder
  4220 | D:6      | Paralysed by Grinder for 2 turns
  4235 | D:6      | Paralysed by Grinder for 7 turns
  4247 | D:6      | Killed Grinder
  4247 | D:6      | Reached skill level 10 in Axes
  4817 | D:7      | Noticed Menkaure
  4817 | D:7      | Reached * piety under the Shining One
  4822 | D:7      | Killed Menkaure
  4822 | D:7      | Reached skill level 1 in Evocations
  4823 | D:7      | Noticed Duvessa
  4823 | D:7      | Noticed Dowan
  4832 | D:7      | Killed Duvessa
  4832 | D:7      | Reached skill level 11 in Axes
  4837 | D:7      | Killed Dowan
  4949 | D:7      | Lost mutation: You have large cloven feet. [potion of
                  | mutation]
  4949 | D:7      | Lost mutation: You are agile. (Dex +2) [potion of mutation]
  4949 | D:7      | Lost mutation: You have a pair of small horns on your head.
                  | [potion of mutation]
  4949 | D:7      | Gained mutation: You are partially covered in iridescent
                  | scales. (AC +2) [potion of mutation]
  4949 | D:7      | Gained mutation: You are partially covered in yellow
                  | scales. (AC +2) [potion of mutation]
  4949 | D:7      | Gained mutation: Your spells are a little harder to cast,
                  | but a little more powerful. [potion of mutation]
  5475 | D:8      | Found a transporter.
  5475 | D:8      | Noticed Harold
  5491 | D:8      | Killed Harold
  5491 | D:8      | Reached skill level 5 in Invocations
  5491 | D:8      | Reached XP level 10. HP: 68/84 MP: 13/13
  5495 | D:8      | Identified the cursed +1 trident "Mud Pie of Death" {venom,
                  | rC+ MR+ Int+4}
  5495 | D:8      | Identified the +2 buckler of Qeskoby {rC+ Int+3}
  5511 | D:8      | Found a transporter.
  5535 | D:8      | Noticed 1994's ghost (novice FoAK)
  5686 | D:8      | Reached ** piety under the Shining One
  5749 | D:8      | Found the +2 pair of boots of the Assassin {Detection Stab+
                  | Stlth++}
  6237 | D:8      | Slain by 1994's ghost

Skill      XL: |  1  2  3  4  5  6  7  8  9 10 |
---------------+-------------------------------+-----
Axes           | 3 4 5 6 8 9 11 | 11.9
Fighting       | 4 5 6 |  6.8
Shields        | 4 5 6 8 |  8.5
Dodging        | 1 2 |  2.4
Armour         | 4 5 6 |  6.6
Invocations    | 2 5 |  5.5
Evocations     | 2 3 |  3.4

Action                   |  1- 3 |  4- 6 |  7- 9 | 10-12 || total
-------------------------+-------+-------+-------+-------++-------
Melee: War axe           |    66 |   137 |   243 |    63 ||   509
       Kick              |     5 |    33 |    65 |       ||   103
       Headbutt          |       |    12 |    33 |       ||    45
Evoke: Wand              |       |       |     1 |     1 ||     2
  Use: Potion            |     4 |     2 |     1 |     2 ||     9
       Scroll            |       |     9 |     5 |     3 ||    17
  Eat: Chunk             |       |     5 |    10 |     3 ||    18
Armor: Scale mail        |    40 |    42 |       |       ||    82
       Chain mail        |       |    15 |    93 |    24 ||   132
Dodge: Dodged            |    29 |    47 |    56 |    16 ||   148
Block: Shield            |    26 |    83 |   115 |    28 ||   252
